 Dungeon Crawl Stone Soup version 0.21-a0-581-gb7d493ddfc (webtiles) character file.

317 MirrMurr the Slasher (level 6, -4/42 HPs)
             Began as a Halfling Berserker on Dec 19, 2017.
             Was a Believer of Trog.
             Slain by a centaur (6 damage)
             ... on level 3 of the Dungeon.
             The game lasted 00:08:38 (2733 turns).

MirrMurr the Slasher (Halfling Berserker)           Turns: 2733, Time: 00:08:39

Health: -4/42      AC:  2    Str: 20    XL:     6   Next: 73%
Magic:  6/6        EV: 16    Int:  5    God:    Trog [**....]
Gold:   181        SH:  0    Dex: 14    Spells: 5/5 levels left

rFire    . . .     SeeInvis .   a - +0 falchion
rCold    . . .     Gourm    .   (shield restricted)
rNeg     . . .     Faith    .   h - +0 animal skin
rPois    .         Spirit   .   (no helmet)
rElec    .         Reflect  .   (no cloak)
rCorr    .         Harm     .   (no gloves)
MR       ++...                  (no boots)
Stlth    +.........             (no amulet)
HPRegen  1.14/turn              (no ring)
MPRegen  0.10/turn              (no ring)

@: regenerating
A: small, mutation resistance 1
a: Berserk, Trog's Hand, Burn Spellbooks, Renounce Religion


You were on level 3 of the Dungeon.
You worshipped Trog.
Trog was pleased with you.
You were not hungry.

You visited 1 branch of the dungeon, and saw 3 of its levels.

You collected 181 gold pieces.

Inventory:

Hand Weapons
 a - a +0 falchion (weapon)
 b - a +0 hunting sling
Missiles
 f - 86 stones (quivered)
Armour
 h - a +0 animal skin (worn)
Jewellery
 d - a cursed ring of teleportation {unknown}
Scrolls
 j - a scroll of enchant armour
 r - a scroll of remove curse
Potions
 g - 2 potions of haste
 k - a potion of lignification
Books
 l - a book of Cantrips

   Spells                             Type                      Level
   a - Confusing Touch                Hexes                        1
   b - Animate Skeleton               Necromancy                   1
   c - Summon Small Mammal            Summoning                    1
   d - Apportation                    Translocation                1
   Trog disapproves of the use of such an item.
Comestibles
 c - 3 rations
 i - 11 chunks of flesh


   Skills:
 + Level 3.5 Fighting
 * Level 4.5 Long Blades
 * Level 4.2 Slings
 + Level 3.3 Armour
 + Level 3.3 Dodging


You had 5 spell levels left.
You didn't know any spells.

Dungeon Overview and Level Annotations

Branches:
Dungeon (3/15)

Altars:
Elyvilon
Gozag
Okawaru
Uskayaw
Yredelemnul
Zin
The Shining One


Innate Abilities, Weirdness & Mutations

You are small and have problems with some larger weapons.
You are somewhat resistant to further mutation.


Message History

You are too injured to fight recklessly!
You are too injured to fight recklessly!
You are too injured to fight recklessly!
Unknown command.
Your skin crawls.
You feel resistant to hostile enchantments.
You feel somewhat more hungry.
a - a +0 falchion (weapon)
The centaur shoots an arrow.
The arrow completely misses you.
You feel the effects of Trog's Hand fading.
The centaur unwields an uncursed shortbow.
The centaur barely misses you.
You barely miss the centaur.
The centaur is severely wounded.
The centaur barely misses you. The centaur hits you!
* * * LOW HITPOINT WARNING * * *
You hit the centaur but do no damage.
The centaur is severely wounded.
The centaur hits you.
You die...

#.....###...##...##
#.##### #.# #..##
#.# . #..# ..# #..#
### #..######## #
#)..).....# #
###....(....# #
#.(...)(....# ≈.
#....@......# ##
#..###c#.#### ..
#### #.#.# .. #.#.#
# ....# # (.. #(..#
..... .(...


You could see a centaur.

Vanquished Creatures
  The ghost of brujo666 the Twirler, an amateur MiGl of Hepliaklqana (D:3)
  Jessica (D:2)
  3 adders
  An ooze (D:2)
  2 worms (D:2)
  2 dart slugs
  A leopard gecko (D:1)
  3 orcs (D:3)
  3 bats
  2 giant cockroaches (D:3)
  7 goblins
  6 hobgoblins
  3 jackals
  A quokka (D:2)
  2 ball pythons
  3 frilled lizards
  8 kobolds
  9 rats
  A bush (D:2)
59 creatures vanquished.

Notes
Turn   | Place    | Note
-------+----------+-------------------------------------------
     0 | D:1      | MirrMurr the Halfling Berserker began the quest for the Orb.
     0 | D:1      | Reached XP level 1. HP: 15/15 MP: 1/1
   305 | D:1      | Reached XP level 2. HP: 20/20 MP: 2/2
   655 | D:1      | Found an opulent altar of Gozag.
   755 | D:1      | Reached XP level 3. HP: 13/25 MP: 3/3
  1031 | D:1      | Reached skill level 1 in Slings
  1212 | D:2      | Noticed Jessica
  1217 | D:2      | Killed Jessica
  1217 | D:2      | Reached XP level 4. HP: 31/31 MP: 4/4
  1574 | D:2      | Found an iron altar of Okawaru.
  1574 | D:2      | Found a basalt altar of Yredelemnul.
  1574 | D:2      | Found a white marble altar of Elyvilon.
  1574 | D:2      | Found a glowing silver altar of Zin.
  1576 | D:2      | Found a glowing golden altar of the Shining One.
  1583 | D:2      | Found a hide-covered altar of Uskayaw.
  1809 | D:2      | Reached ** piety under Trog
  2291 | D:3      | Noticed brujo666's ghost (amateur MiGl)
  2309 | D:3      | Killed brujo666's ghost
  2309 | D:3      | Reached XP level 5. HP: 11/36 MP: 5/5
  2309 | D:3      | Reached XP level 6. HP: 13/42 MP: 6/6
  2732 | D:3      | HP: 1/42 [centaur (8)]
  2733 | D:3      | Slain by a centaur

Vault maps used:
D:1:      scummos_arrival_forest, kennysheep_flooded_box, columned_hall_lemuel
D:2:      grunt_temple_overflow_open, serial_forest, infiniplex_forest_zigzag_2,
          infiniplex_forest_clump_double, infiniplex_forest_lined_3,
          infiniplex_forest_clump_C, infiniplex_forest_end_3,
          infiniplex_forest_clump_tiny, infiniplex_forest_end_3, uniq_jessica
D:3:      cheibrodos_thug_alley, first_ration, kennysheep_potato, uniq_terence

Skill      XL: |  1  2  3  4 |
---------------+-------------+-----
Slings         | 1 4 |  4.2
Fighting       | 3 |  3.5
Long Blades    | 4 |  4.5
Armour         | 3 |  3.3
Dodging        | 3 |  3.3

Action                   |  1- 3 |  4- 6 || total
-------------------------+-------+-------++-------
Melee: Falchion          |    50 |   193 ||   243
 Fire: Hunting sling     |    31 |    63 ||    94
Invok: Berserk           |     1 |     1 ||     2
       Trog's Hand       |       |     1 ||     1
  Use: Scroll            |     3 |     3 ||     6
 Stab: Sleeping          |     1 |       ||     1
  Eat: Chunk             |     2 |     3 ||     5
       Ration            |       |     1 ||     1
Armor: Animal skin       |     7 |    12 ||    19
Dodge: Dodged            |    50 |    81 ||   131
       Rpst.: Falchion   |    16 |    22 ||    38

Table legend:
 A = Spawn XP
 B = Non-spawn XP
 C = Spawn XP percentage of total XP
 D = Spawn monster count
 E = Non-spawn monster count
 F = Spawn count percentage of total count
 G = Total turns spent on level
                    A         B        C        D         E        F      G
               +---------+---------+-------+---------+---------+-------+---------
         Total |       0 |     453 |   0.0 |       0 |      58 |   0.0 |  2733
               +---------+---------+-------+---------+---------+-------+---------
           D:1 |       0 |      34 |   0.0 |       0 |      20 |   0.0 |  1149
           D:2 |       0 |     100 |   0.0 |       0 |      19 |   0.0 |  1343
           D:3 |       0 |     319 |   0.0 |       0 |      19 |   0.0 |   241
               +---------+---------+-------+---------+---------+-------+---------
